 Dungeon Crawl Stone Soup version 0.18.1-50-g88ac8fd (webtiles) character file.

98 magog001 the Sneak (level 4, 0/33 HPs)
             Began as a Vampire Assassin on May 3, 2017.
             Killed from afar by an orc wizard (9 damage)
             ... with a magic dart
             ... on level 3 of the Dungeon.
             The game lasted 00:11:32 (1396 turns).

magog001 the Sneak (Vampire Assassin)               Turns: 1396, Time: 00:11:36

Health: 0/33       AC:  5    Str: 10    XL:     4   Next: 44%
Magic:  4/4        EV: 13    Int: 13    God:
Gold:   131        SH:  0    Dex: 16    Spells: 0 memorised, 3 levels left

rFire  . . .     SeeInvis +     a - +2 dagger
rCold  . . .     Gourm    .     r - +0 robe
rNeg   + . .     Faith    .     (no shield)
rPois  +         Spirit   .     (no helmet)
rElec  .         Dismiss  .     l - +1 cloak
rCorr  .         Reflect  .     (no gloves)
SustAt .         Harm     .     m - +0 pair of boots
MR     .....                    (no amulet)
Stlth  ++++......               (no ring)
                                i - ring of poison resistance

@: slowed, very slow, not resistant to hostile enchantments, stealthy
A: fangs 3, see invisible, unbreathing
a: Bat Form


You were on level 3 of the Dungeon.
You were not thirsty.

You visited 1 branch of the dungeon, and saw 3 of its levels.

You collected 131 gold pieces.

Inventory:

Hand Weapons
 a - a +2 dagger (weapon)
 b - a +0 blowgun
Missiles
 e - 8 poisoned needles
 f - 2 curare-tipped needles
 t - 20 sling bullets
 u - 42 stones (quivered)
Armour
 l - a +1 cloak (worn)
 m - a +0 pair of boots (worn)
 r - a +0 robe (worn)
Jewellery
 i - a ring of poison resistance (left hand)
Scrolls
 c - a scroll of teleportation {unknown}
 h - a scroll of enchant weapon {unknown}
 o - 2 scrolls of identify
 s - a scroll of remove curse {unknown}
Potions
 d - a potion of curing
 g - 15 potions of blood
 j - a potion of agility {unknown}
 k - a potion of lignification {unknown}
 n - 2 potions of flight
 q - a potion of heal wounds {unknown}


   Skills:
 + Level 2.0 Fighting
 + Level 2.9 Short Blades
 + Level 1.6 Throwing
 + Level 2.1 Dodging
 * Level 7.8 Stealth


You had 3 spell levels left.
You didn't know any spells.

Dungeon Overview and Level Annotations

Branches:
Dungeon (3/15)

Altars:
Dithmenos
Gozag


Innate Abilities, Weirdness & Mutations

You have razor-sharp teeth.
You have supernaturally acute eyesight.
You can survive without breathing.


Message History

The adder bites you but does no damage. The adder bites you.
* * * LOW HITPOINT WARNING * * *
You hit the adder.
The adder is almost dead.
The adder closely misses you.
The orc wizard mumbles some strange words.
The orc wizard blinks!
The adder bites you but does no damage.
Drink which item? (? for menu, Esc to quit)
Yummy - fresh blood!
The adder bites you.
* * * LOW HITPOINT WARNING * * *
The orc barely misses you. The adder bites you.
* * * LOW HITPOINT WARNING * * *
Drink which item? (? for menu, Esc to quit)
It was a potion of curing.
You feel better.
The orc wizard casts a spell.
The orc wizard blinks!
The adder closely misses you. The orc barely misses you. The adder misses you.
The orc hits you but does no damage.
The orc wizard gestures at you while chanting.
The magic dart hits you!
You die...

#. ####.# #..... ########
###.....# ........
#....o..######### #.....
#.......#........ #.....
#.......#@....... #....%
#......)So§...... #.....
#...........o.[.. #.....
#................ #.....
#................ #.....
#.......#############.....
#####.....................
#.....#################
#.....#


You could see an orc wizard, an adder and an orc.

Vanquished Creatures
  3 gnolls (D:2)
  3 adders (D:2)
  A dart slug (D:1)
  A giant gecko (D:1)
  An orc (D:3)
  A ball python (D:2)
  6 bats
  2 giant cockroaches
  2 goblins (D:1)
  6 hobgoblins
  2 jackals (D:3)
  2 kobolds (D:1)
  4 giant newts
  4 rats
38 creatures vanquished.

Notes
Turn   | Place    | Note
--------------------------------------------------------------
     0 | D:1      | magog001 the Vampire Assassin began the quest for the Orb.
     0 | D:1      | Reached XP level 1. HP: 16/16 MP: 1/1
    44 | D:1      | Reached skill level 6 in Stealth
   148 | D:1      | Reached XP level 2. HP: 15/22 MP: 2/2
   572 | D:2      | Reached XP level 3. HP: 27/27 MP: 3/3
   585 | D:2      | Reached skill level 7 in Stealth
   978 | D:2      | Reached XP level 4. HP: 30/33 MP: 4/4
  1077 | D:2      | Found an opulent altar of Gozag.
  1080 | D:2      | Found a shadowy altar of Dithmenos.
  1395 | D:3      | HP: 1/33 [adder (2)]
  1396 | D:3      | Killed from afar by an orc wizard

Skill      XL: |  1  2  3  4 |
---------------+-------------+-----
Stealth        | 6 7 |  7.8
Fighting       | 2 |  2.0
Dodging        | 2 |  2.1
Short Blades   | |  2.9
Throwing       | |  1.6

Action                   |  1- 3 |  4- 6 || total
-------------------------+-------+-------++-------
Melee: Dagger            |    85 |    40 ||   125
       Bite              |     5 |     3 ||     8
  Use: Potion            |       |     3 ||     3
       Scroll            |       |     1 ||     1
 Stab: Sleeping          |     6 |     5 ||    11
Armor: Robe              |    16 |    17 ||    33
Dodge: Dodged            |    53 |    32 ||    85
